 Dungeon Crawl Stone Soup version 0.27.1-33-g824d729ab1 (webtiles) character file.

Game seed: 5312904245755161999

6 Descartes the Grasshopper (level 1, 0/9 HPs)
             Began as a Felid Warper on Dec 21, 2021.
             Slain by a quokka (5 damage)
             ... on level 1 of the Dungeon.
             The game lasted 00:00:59 (294 turns).

Descartes the Grasshopper (Felid Warper)             Turns: 294, Time: 00:00:59

Health: 0/9        AC:  1    Str:  7    XL:     1   Next: 75%
Magic:  4/4        EV: 18    Int: 14    God:
Gold:   6          SH:  0    Dex: 15    Spells: 4/4 levels left
                                        Lives:  0   Deaths: 0

rFire    . . .     SeeInvis +     - Unarmed
rCold    . . .     Faith    .   (shield unavailable)
rNeg     . . .     Spirit   .   (armour unavailable)
rPois    .         Reflect  .   (helmet unavailable)
rElec    .         Harm     .   (cloak unavailable)
rCorr    .         Rampage  .   (gloves unavailable)
Will     .....                  (boots unavailable)
Stlth    ++........             (no amulet)
HPRegen  0.03/turn              (no ring)
MPRegen  0.09/turn              (no ring)

@: quick
A: very small, claws 1, fangs 3, see invisible, speed 1, shaggy fur 1, stealthy
paws, no weapons or thrown items, no armour, multi-lived
a: no special abilities


You were on level 1 of the Dungeon.
You visited 1 branch of the dungeon, and saw 1 of its levels.

You collected 6 gold pieces.

Inventory:

Missiles
 c - 28 stones
Scrolls
 a - a scroll of blinking
Potions
 b - a potion of heal wounds {unknown}
 d - a potion of attraction {unknown}


   Skills:
 - Level 2.0 Fighting
 + Level 3.4 Dodging
 + Level 1.0 Stealth
 + Level 2.2 Unarmed Combat
 - Level 2.0 Spellcasting
 - Level 4.4 Translocations


You had 4 spell levels left.
You didn't know any spells.
Your spell library contained the following spells:

 Spells                   Type           Power      Damage    Failure   Level
 Blink                    Tloc           N/A        N/A       6%          2
 Gell's Gravitas          Tloc           6%         N/A       12%         3
 Lesser Beckoning         Tloc           6%         N/A       12%         3
 Teleport Other           Tloc           13%        N/A       12%         3
 Manifold Assault         Tloc           13%        N/A       73%         5


Dungeon Overview and Level Annotations

Branches:
Dungeon (1/15)

Altars:
Fedhas


Innate Abilities, Weirdness & Mutations

You have sharp claws.
You have razor-sharp teeth.
You have supernaturally acute eyesight. (SInv)
You cover ground quickly. (Speed+)
You are covered in fur. (AC +1)
Your paws help you pounce on unaware monsters.
You are incapable of wielding weapons or throwing items.
You cannot wear armour.
You gain extra lives every three experience levels.


Message History

There is an open door here.
There is a stone staircase leading down here.
Found a brown potion.
A ball python comes into view.
You pounce on the unaware helpless ball python!
You scratch the ball python.
You kill the ball python!
Your Stealth skill increases to level 1!
No target in view!
No target in view!
No target in view!
No target in view!
No target in view!
No target in view!
No target in view!
No target in view!
No target in view!
No target in view!
No target in view!
No target in view!
No target in view!
d - a brown potion You open the door.
A quokka comes into view.
A hobgoblin comes into view.
The quokka misses you.
There is an open door here.
You scratch the quokka but do no damage.
The quokka completely misses you.
You miss the quokka. The quokka bites you.
You closely miss the quokka. The quokka closely misses you.
You miss the quokka.
The hobgoblin shouts!
The quokka misses you.
You closely miss the quokka. The quokka misses you.
You closely miss the hobgoblin. You bite the hobgoblin.
The hobgoblin is heavily wounded.
The quokka bites you.
Ouch! That really hurt!
You die...

######### #..###+#'#.#.#####
........# #..###.#.#.#......
........####...##..>#........
.............#.#....###......
.............#....#.# #......
.............####+#+# #......
........####.# #......
.#+###### #.# #...... #@#
##..... #...gr....... #.....
+............ #.....
#............ ######
#............ #........###+
#........# #........# # #


You could see a quokka and a hobgoblin.

Vanquished Creatures
  2 hobgoblins (D:1)
  A kobold (D:1)
  2 ball pythons (D:1)
5 creatures vanquished.

Notes
Turn   | Place    | Note
-------+----------+-------------------------------------------
     0 | D:1      | Descartes the Felid Warper began the quest for the Orb.
     0 | D:1      | Reached XP level 1. HP: 9/9 MP: 4/4
   220 | D:1      | Found a faded altar of an unknown god.
   223 | D:1      | Became a worshipper of Fedhas Madash
   223 | D:1      | Reached * piety under Fedhas
   224 | D:1      | Fell from the grace of Fedhas
   279 | D:1      | Reached skill level 1 in Stealth
   294 | D:1      | Slain by a quokka

Illustrated notes

Levels and vault maps discovered:
D:1:      scummos_arrival_star, layout_basic,
          shapermc_ecumenical_altar_mp_vishouse, minmay_tiny_reverse_x

Skill      XL: |  1 |
---------------+----+-----
Stealth        | 1 |  1.0
Fighting       | |  2.0
Dodging        | |  3.4
Unarmed Combat | |  2.2
Spellcasting   | |  2.0
Translocations | |  4.4

Action                   || total
-------------------------++-------
Melee: Unarmed           ||    17
       Bite              ||     1
Invok: Renounce Religion ||     1
 Stab: Sleeping          ||     1
Dodge: Dodged            ||    12
